 Dungeon Crawl Stone Soup version 0.22.0 (webtiles) character file.

10183 Blackhawk the Cleaver (level 11, -5/102 HPs)
             Began as a Minotaur Berserker on Nov 3, 2018.
             Was a High Priest of Trog.
             Slain by a phantasmal warrior (30 damage)
             ... led by a death knight
             ... on level 9 of the Dungeon.
             The game lasted 00:16:37 (10335 turns).

Blackhawk the Cleaver (Minotaur Berserker)         Turns: 10335, Time: 00:16:37

Health: -5/102     AC: 14    Str: 31    XL:     11   Next: 32%
Magic:  10/10      EV: 13    Int:  4    God:    Trog [*****.]
Gold:   741        SH:  0    Dex: 10    Spells: 10/10 levels left

rFire    . . .     SeeInvis .   L - +1 hand axe (elec)
rCold    + . .     Gourm    .   (no shield)
rNeg     + . .     Faith    .   H - +1 chain mail of Lies {rN+ Regen+ Str+6}
rPois    .         Spirit   .   (helmet restricted)
rElec    .         Reflect  .   (no cloak)
rCorr    .         Harm     .   E - +0 pair of gloves
MR       +....                  (no boots)
Stlth    ..........             h - amulet of magic regeneration
HPRegen  0.67/turn              Q - ring of protection from magic
MPRegen  0.37/turn              j - ring of protection from cold

@: about to teleport, slowed, very slow
A: retaliatory headbutt, horns 2
a: Berserk, Trog's Hand, Brothers in Arms, Renounce Religion


You were on level 9 of the Dungeon.
You worshipped Trog.
Trog was extremely pleased with you.
You were not hungry.

You visited 1 branch of the dungeon, and saw 11 of its levels.
You also visited: Ossuary.

You collected 765 gold pieces.
You spent 24 gold pieces at shops.

Inventory:

Hand Weapons
 a - a +0 hand axe
 b - a +0 battleaxe
 A - a +4 antimagic lajatang
 L - a +1 hand axe of electrocution (weapon)
Missiles
 v - 11 bolts
 K - a throwing net (quivered)
Armour
 u - a +4 chain mail
 E - a +0 pair of gloves (worn)
 H - the +1 chain mail of Lies (worn) {rN+ Regen+ Str+6}
   (You found it on level 6 of the Dungeon)

   It affects your strength (+6).
   It protects you from negative energy.
   It increases your rate of regeneration.
Jewellery
 h - an amulet of magic regeneration (around neck)
 j - a ring of protection from cold (right hand)
 k - an uncursed ring of fire
 t - an uncursed ring of resist corrosion
 Q - a ring of protection from magic (left hand)
Wands
 N - a wand of flame (44)
 O - a wand of paralysis (15)
 R - a wand of polymorph (16)
 S - a wand of acid (9)
Scrolls
 e - a scroll of remove curse
 f - 2 scrolls of fog
 q - 2 scrolls of magic mapping
 r - a scroll of blinking
 x - a scroll of random uselessness
 y - a scroll of amnesia
 z - a scroll of teleportation
 B - 2 scrolls of fear
 C - a scroll of enchant weapon
 D - a scroll of holy word
 F - a scroll of noise
 I - a scroll of immolation
 P - a scroll of enchant armour
Potions
 d - 2 potions of degeneration
 i - 5 potions of curing
 m - 2 potions of haste
 n - a potion of resistance
 o - 7 potions of flight
 p - a potion of ambrosia {unknown}
 s - 4 potions of agility
 w - a potion of might {unknown}
 J - a potion of magic {unknown}
 M - a potion of berserk rage {unknown}
Miscellaneous
 g - a box of beasts
Comestibles
 c - 16 rations
 l - 5 chunks of flesh


   Skills:
 + Level 11.2 Fighting
 + Level 11.2 Axes
 + Level 10.9 Armour
 + Level 10.0 Dodging


You had 10 spell levels left.
You didn't know any spells.
Your spell library was empty.

Dungeon Overview and Level Annotations

Branches:
Dungeon (11/15)            Temple (0/1) D:7            Lair (0/6) D:8
    Orc (0/2) D:11

Altars:
Ashenzari
Cheibriados
Elyvilon
Gozag
Hepliaklqana
Makhleb
Nemelex Xobeh
Okawaru
Ru
Trog
Vehumet
Yredelemnul
Zin
Beogh

Shops:
D:6 :%*[   D:7 ?

Annotations:
D:6 3 runed doors, Blackhawk's ghost, novice FoFi
D:8 2 exclusions


Innate Abilities, Weirdness & Mutations

You reflexively headbutt those who attack you in melee.
You have a pair of horns on your head.


Message History

Your headbutt misses the freezing wraith.
The freezing wraith is lightly damaged.
You hit the phantasmal warrior but do no damage.
The freezing wraith hits you but does no damage. x2
The phantasmal warrior hits you but does no damage.
You hit the freezing wraith but do no damage.
The freezing wraith is lightly damaged.
You hit the phantasmal warrior but do no damage.
Lightning courses through the phantasmal warrior!
The freezing wraith hits you! The freezing wraith freezes you. You resist.
The freezing wraith hits you but does no damage.
The phantasmal warrior hits you!
* * * LOW HITPOINT WARNING * * *
As you read the scroll of teleportation, it crumbles to dust.
You feel strangely unstable. The freezing wraith barely misses you.
The freezing wraith hits you.
* * * LOW HITPOINT WARNING * * *
The freezing wraith drains your vigour!
You feel yourself slow down. The phantasmal warrior hits you!!
You die...

############# ###
#.W@W....)..####
#.#####.###..........#####
#..#....#.................
#..#.##.#.#..........#.###
#..#.####.#..........#....
#..#....#.#....[[..)##)...
#.....#.#.#.....)..))..#..
#.###.....#........)##.#.#
#.# #.............####.#.#


You could see a phantasmal warrior and a freezing wraith.

Vanquished Creatures
  Erolcha (D:10)
  A two-headed ogre (D:10)
  A phantasmal warrior (D:10)
  3 trolls
  A hippogriff (D:7)
  4 wyverns
  6 yaks (D:9)
  Grum (D:10)
  A steam dragon (D:8)
  4 ice beasts
  8 orc warriors
  A sky beast (D:5)
  4 ogres
  A black bear (D:8)
  2 phantoms
  4 wolves (D:10)
  7 centaurs
  2 crocodiles
  An elf zombie (Ossuary)
  A big kobold (D:10)
  3 bullfrogs (D:10)
  6 scorpions
  5 killer bees (D:7)
  10 howler monkeys
  6 crimson imps
  3 centaur zombies
  A jelly (D:10)
  2 centaur skeletons
  3 hounds
  8 orc wizards
  A quasit (D:6)
  Crazy Yiuf (D:2)
  9 orc priests
  A bullfrog skeleton (D:7)
  A human zombie (Ossuary)
  An iguana (D:4)
  11 worker ants
  Terence (D:3)
  2 hound zombies
  2 mummies (Ossuary)
  2 worker ant zombies (D:6)
  9 adders
  4 gnolls (D:4)
  3 shadow imps
  2 adder zombies (Ossuary)
  An adder skeleton (D:5)
  2 worms
  2 dart slugs
  8 leopard geckos
  48 orcs
  4 giant cockroaches
  8 goblins
  6 hobgoblins
  3 jackals (D:3)
  5 quokkas
  3 ball pythons
  9 bats
  3 frilled lizards
  A goblin zombie (Ossuary)
  10 hobgoblin zombies (Ossuary)
  2 jackal zombies (Ossuary)
  11 kobolds
  10 kobold zombies (Ossuary)
  7 orc zombies (Ossuary)
  8 rats
302 creatures vanquished.

Notes
Turn   | Place    | Note
-------+----------+-------------------------------------------
     0 | D:1      | Blackhawk the Minotaur Berserker began the quest for the Orb.
     0 | D:1      | Reached XP level 1. HP: 19/19 MP: 0/0
   372 | D:1      | Reached XP level 2. HP: 27/27 MP: 1/1
   742 | D:1      | Reached ** piety under Trog
  1400 | D:2      | Reached XP level 3. HP: 33/33 MP: 2/2
  1405 | D:2      | Reached XP level 4. HP: 41/41 MP: 3/3
  1694 | D:2      | Found a runed door.
  1897 | D:2      | Noticed Crazy Yiuf
  1902 | D:2      | Killed Crazy Yiuf
  2026 | D:3      | Reached XP level 5. HP: 47/47 MP: 4/4
  2256 | D:3      | Found an opulent altar of Gozag.
  2669 | D:3      | Found a sparkling altar of Nemelex Xobeh.
  2825 | D:3      | Found a sacrificial altar of Ru.
  2846 | D:3      | Noticed Terence
  2855 | D:3      | Killed Terence
  2855 | D:3      | Reached skill level 5 in Fighting
  2855 | D:3      | Reached skill level 5 in Axes
  3508 | D:4      | Reached XP level 6. HP: 56/56 MP: 5/5
  3815 | D:4      | Found a bloodstained altar of Trog.
  4014 | D:4      | Reached skill level 5 in Armour
  4014 | D:4      | Reached XP level 7. HP: 55/62 MP: 6/6
  4126 | D:4      | Reached *** piety under Trog
  4321 | D:5      | Entered Level 5 of the Dungeon
  4415 | D:5      | Found a sand-covered staircase.
  4440 | Ossuary  | Entered an ossuary
  4570 | Ossuary  | Reached skill level 5 in Dodging
  4572 | Ossuary  | Received a gift from Trog
  5296 | D:6      | Found a shattered altar of Ashenzari.
  5299 | D:6      | Found Genicy's Food Emporium.
  5304 | D:6      | Reached XP level 8. HP: 71/71 MP: 7/7
  5377 | D:6      | Reached **** piety under Trog
  5417 | D:6      | Found Usewkon's Book Boutique.
  5514 | D:6      | Got a steaming chain mail
  5525 | D:6      | Identified the +1 chain mail of Lies {rN+ Regen+ Str+6} (You found it on level 6 of the Dungeon)
  5552 | D:6      | Found Quida's General Store.
  5565 | D:6      | Found Siedaf's Armour Shoppe.
  5567 | D:6      | Bought a scroll of identify for 24 gold pieces
  5571 | D:6      | Found a runed gate.
  5571 | D:6      | Found a runed gate.
  5571 | D:6      | Found a runed gate.
  5600 | D:6      | Noticed Blackhawk's ghost (novice FoFi)
  5903 | D:6      | Found a hazy altar of Hepliaklqana.
  6260 | D:6      | Found a burning altar of Makhleb.
  6265 | D:6      | Found a glowing silver altar of Zin.
  6265 | D:6      | Noticed an angel
  6265 | D:6      | Noticed a blizzard demon
  6467 | D:7      | Reached XP level 9. HP: 48/81 MP: 8/8
  6773 | D:7      | Found a staircase to the Ecumenical Temple.
  6784 | D:7      | Found a white marble altar of Elyvilon.
  6996 | D:7      | Found Hoafuere's Magic Scroll Boutique.
  7240 | D:8      | Found a snail-covered altar of Cheibriados.
  7240 | D:8      | Found an iron altar of Okawaru.
  7437 | D:8      | Found a staircase to the Lair.
  7760 | D:8      | Found a radiant altar of Vehumet.
  7828 | D:8      | Reached XP level 10. HP: 91/91 MP: 9/9
  7844 | D:8      | Reached ***** piety under Trog
  8276 | D:9      | Reached skill level 10 in Axes
  8283 | D:9      | Reached skill level 10 in Fighting
  8433 | D:9      | Found a basalt altar of Yredelemnul.
  9059 | D:10     | Entered Level 10 of the Dungeon
  9149 | D:10     | Noticed Erolcha
  9154 | D:10     | Reached skill level 10 in Armour
  9165 | D:10     | Killed Erolcha
  9287 | D:10     | Noticed a death knight
  9287 | D:10     | Noticed a phantasmal warrior
  9288 | D:10     | Noticed a phantasmal warrior
  9311 | D:10     | Killed a phantasmal warrior
  9459 | D:10     | Reached XP level 11. HP: 101/101 MP: 10/10
  9567 | D:10     | Noticed a two-headed ogre
  9574 | D:10     | Killed a two-headed ogre
  9661 | D:10     | Noticed Grum
  9675 | D:10     | Killed Grum
  9886 | D:10     | Received a gift from Trog
 10106 | D:11     | Found a staircase to the Orcish Mines.
 10108 | D:11     | Found a roughly hewn altar of Beogh.
 10231 | D:11     | Noticed a skeletal warrior
 10235 | D:10     | Reached skill level 10 in Dodging
 10275 | D:11     | Noticed a skeletal warrior
 10275 | D:11     | Noticed a skeletal warrior
 10335 | D:9      | Slain by a phantasmal warrior

Skill      XL: |  1  2  3  4  5  6  7  8  9 10 11 |
---------------+----------------------------------+-----
Fighting       | 4 5 6 7 9 10 11 | 11.2
Axes           | 4 5 6 8 9 10 11 | 11.2
Armour         | 3 4 5 6 7 9 10 | 10.9
Dodging        | 3 4 5 6 8 9 10 | 10.0

Action                   |  1- 3 |  4- 6 |  7- 9 | 10-12 || total
-------------------------+-------+-------+-------+-------++-------
Melee: Hand axe          |    52 |   126 |   309 |   208 ||   695
       Headbutt          |     5 |    19 |    87 |    45 ||   156
Invok: Berserk           |     1 |     4 |     5 |     7 ||    17
  Use: Scroll            |       |       |       |    21 ||    21
  Eat: Chunk             |     1 |    12 |    14 |    16 ||    43
       Ration            |       |       |     1 |       ||     1
Armor: Animal skin       |    11 |     9 |       |       ||    20
       Chain mail        |       |    26 |   125 |    90 ||   241
Dodge: Dodged            |    27 |    53 |   162 |   114 ||   356
